 Dungeon Crawl Stone Soup version 0.28-a0-684-g30a9fa1a03 (webtiles) character file.

Game seed: 4561585317284592397

865 sodan the Sneak (level 7, 0/32 HPs)
             Began as a Spriggan Enchanter on Oct 19, 2021.
             Killed from afar by a white imp (14 damage)
             ... with a puff of frost
             ... on level 6 of the Dungeon.
             The game lasted 00:16:30 (7042 turns).

sodan the Sneak (Spriggan Enchanter)                Turns: 7042, Time: 00:16:30

Health: 0/32       AC: 10    Str:  6    XL:     7   Next: 72%
Magic:  15/18      EV: 17    Int: 17    God:
Gold:   234        SH:  0    Dex: 15    Spells: 12/20 levels left

rFire   . . .      SeeInvis +   i - +0 dagger (protect)
rCold   . . .      Faith    .   (shield restricted)
rNeg    . . .      Spirit   .   b - +1 robe
rPois   .          Reflect  .   (helmet restricted)
rElec   .          Harm     .   (no cloak)
rCorr   .          Rampage  .   (gloves unavailable)
Will    +....                   (boots unavailable)
Stlth   ++++......              g - amulet of regeneration
HPRegen 1.10/turn               (no ring)
MPRegen 0.16/turn               (no ring)

@: under a protective aura, very quick
A: very small, no large weapons, unfitting armour, see invisible, speed 3
a: no special abilities


You were on level 6 of the Dungeon.
You visited 1 branch of the dungeon, and saw 6 of its levels.
You also visited: Sewer.

You collected 234 gold pieces.

Inventory:

Hand Weapons
 a - a +1 dagger
 i - a +0 dagger of protection (weapon)
Armour
 b - a +1 robe (worn)
Jewellery
 d - an amulet of magic regeneration
 g - an amulet of regeneration (around neck)
Wands
 c - a wand of flame (16)
Scrolls
 f - a scroll of immolation
 h - 3 scrolls of fear
Potions
 e - 3 potions of flight
 j - a potion of curing
 k - a potion of cancellation {unknown}


   Skills:
 - Level 1.1 Short Blades
 - Level 2.6 Dodging
 + Level 7.6 Stealth
 + Level 7.1 Spellcasting
 + Level 7.5 Hexes


You had 12 spell levels left.
You knew the following spells:

 Your Spells              Type           Power      Damage    Failure   Level
a - Ensorcelled Hibernat  Hex/Ice        36%        N/A       3%          2
b - Tukima's Dance        Hex            31%        N/A       1%          3
c - Dazzling Flash        Conj/Hex       36%        N/A       8%          3

Your spell library contained the following spells:

 Spells                   Type           Power      Damage    Failure   Level
 Slow                     Hex            31%        N/A       1%          2
 Confusing Touch          Hex            31%        N/A       1%          3
 Animate Skeleton         Necr           12%        N/A       12%         1
 Apportation              Tloc           12%        N/A       12%         1
 Summon Small Mammal      Summ           24%        N/A       12%         1
 Stone Arrow              Conj/Erth      12%        3d7       34%         3
 Vampiric Draining        Necr           3%         2d6       34%         3
 Animate Armour           Summ/Erth      12%        N/A       75%         4
 Lehudib's Crystal Spear  Conj/Erth      3%         10d2      100%        8


Dungeon Overview and Level Annotations

Branches:
Dungeon (6/15)              Sewer (visited)
 Temple: D:4-7

Altars:

Shops:
D:3 =

Annotations:
D:4 exclusion: phantom


Innate Abilities, Weirdness & Mutations

You are very small and have problems with some larger weapons.
You are too small for most types of armour.
You have supernaturally acute eyesight. (SInv)
You cover ground extremely quickly. (Speed+++)


Message History

Unknown command.
Unknown command.
Unknown command.
(D) Dungeon
Where to? (Enter - D:5, ? - help)
You see here 29 stones.
There is a stone staircase leading down here.
You climb downwards.
Found a book of Cantrips.
There is a stone staircase leading up here.
Unknown command.
You pick up a book of Cantrips and begin reading...
You add the spells Animate Skeleton, Summon Small Mammal and Apportation to your library.
Found 22 stones.
Found a stone staircase leading up.
Found a stone staircase leading down.
Found 20 stones.
A white imp comes into view.
The white imp shouts!
You closely miss the white imp. The white imp closely misses you.
You closely miss the white imp. The white imp gestures at you.
The puff of frost hits you!
You hit the white imp but do no damage.
Your weapon exudes an aura of protection.
The white imp misses you.
You hit the white imp but do no damage. The white imp gestures at you.
The puff of frost hits you!
You are too injured to fight recklessly!
You are too injured to fight recklessly!
You are too injured to fight recklessly!
Casting: Ensorcelled Hibernation (safe; 3% risk of failure)
Confirm with . or Enter, or press ? or * to list all spells.
The spell is quite dangerous to cast (8% risk of failure)!
Continue anyway?
Casting: Dazzling Flash (quite dangerous; 8% risk of failure)
Press: ? - help, Dir - look around, f - activate The white imp gestures at you.
The puff of frost hits you!
You die...

#.##########...#####
.............#
#.####....##.# #.
##.#.##.#
#.#####.#.##.###### #
#.#................
#.#.#.###.#.(...>....
.###......##.#..#.......
......5@..........#.....
.###...........<.....###
#...(...#.#.......#
..........!...#.###.#
######..######.## ...
#..# .# #. #..# .# #..#
.#


You could see a white imp.

Vanquished Creatures
  A water moccasin (D:5)
  An ice beast (D:5)
  A centaur (D:5)
  2 scorpions
  A water moccasin zombie (D:5)
  A water moccasin skeleton (D:4)
  An orc priest (D:3)
  A centaur skeleton (D:4)
  2 iguanas (D:5)
  2 orc wizards (D:5)
  A hound zombie (D:5)
  A hound skeleton (D:4)
  7 adders
  An ufetubus (D:5)
  3 worms (Sewer)
  3 dart slugs
  6 orcs
  12 bats
  6 endoplasms
  2 giant cockroaches
  5 hobgoblins
  4 jackals (Sewer)
  6 quokkas
  10 ball pythons
  6 frilled lizards
  7 goblins
  8 kobolds
  3 rats
104 creatures vanquished.

Vanquished Creatures (collateral kills)
  3 orcs
3 creatures vanquished.

Grand Total: 107 creatures vanquished

Notes
Turn   | Place    | Note
-------+----------+-------------------------------------------
     0 | D:1      | sodan the Spriggan Enchanter began the quest for the Orb.
     0 | D:1      | Reached XP level 1. HP: 9/9 MP: 5/5
   637 | D:2      | Reached XP level 2. HP: 13/13 MP: 7/7
   640 | D:2      | Learned a level 2 spell: Ensorcelled Hibernation
   804 | D:1      | Reached XP level 3. HP: 4/16 MP: 1/9
   808 | D:1      | Learned a level 3 spell: Tukima's Dance
   812 | D:1      | Learned a level 3 spell: Dazzling Flash
  1074 | D:1      | Found a faded altar of an unknown god.
  2959 | D:3      | Reached XP level 4. HP: 14/21 MP: 0/11
  3256 | D:3      | Found Fynorogi's Jewellery Boutique.
  3289 | D:3      | Reached skill level 5 in Hexes
  3782 | D:4      | Noticed a scorpion
  4082 | D:4      | Reached skill level 5 in Spellcasting
  4082 | D:4      | Reached XP level 5. HP: 14/24 MP: 11/13
  4348 | D:4      | Noticed a phantom
  4655 | D:4      | Reached skill level 5 in Stealth
  4670 | D:4      | Reached XP level 6. HP: 28/28 MP: 15/15
  4803 | D:5      | Entered Level 5 of the Dungeon
  4895 | D:5      | Noticed a water moccasin
  4923 | D:5      | Noticed an ice beast
  5200 | D:5      | Found a glowing drain.
  5215 | Sewer    | Entered a sewer
  5963 | D:5      | Killed a water moccasin
  5968 | D:5      | Killed an ice beast
  6068 | D:5      | Reached XP level 7. HP: 32/32 MP: 14/17
  7042 | D:6      | Killed from afar by a white imp

Illustrated notes

Levels and vault maps discovered:
D:1:      dpeg_arrival_stonehenge_8_columns, layout_basic,
          dreamdust_ecumenical_altar_angels_and_demons, eino_curves_04
D:2:      layout_basic
D:3:      layout_loops_ring, serial_shops,
          nicolae_shop_temple_entry_statues_fountains
D:4:      layout_basic
D:5:      layout_loops_cross, portal_sewer_entry_d, serial_glass,
          glass_columns_c, glass_columns_a, glass_columns_b, glass_columns_c,
          glass_columns_a, kennysheep_generic_room_2
D:6:      layout_loops_ring, overflow_temple_1_default, chei_slow_surprise,
          serial_aquarium, aquarium_bridge_square [aquarium_subvault_wall,
          aquarium_subvault_wall, aquarium_subvault_bridge,
          aquarium_subvault_bridge], aquarium_window_1, aquarium_window_1,
          aquarium_view_2g, aquarium_balcony_1b, minmay_between, uniq_maggie

Skill      XL: |  1  2  3  4  5  6  7 |
---------------+----------------------+-----
Spellcasting   | 3 4 5 6 7 |  7.1
Hexes          | 4 5 6 7 |  7.5
Stealth        | 5 6 7 |  7.6
Short Blades   | |  1.1
Dodging        | |  2.6

Action                   |  1- 3 |  4- 6 |  7- 9 || total
-------------------------+-------+-------+-------++-------
Melee: Dagger            |   127 |   244 |   103 ||   474
 Cast: Ensorcelled Hiber |    18 |    56 |    21 ||    95
       Tukima's Dance    |     1 |       |     1 ||     2
       Dazzling Flash    |       |       |     1 ||     1
  Use: Scroll            |     5 |     3 |       ||     8
       Potion            |       |     9 |       ||     9
 Stab: Sleeping          |    18 |    30 |     9 ||    57
       Invisible         |       |     2 |       ||     2
Armor: Robe              |    13 |    49 |    17 ||    79
       Skin              |       |    11 |       ||    11
Dodge: Dodged            |    87 |   285 |    93 ||   465

Table legend: (Time is in decaauts)
 A = Elapsed time spent in this place.
 B = Non-inter-level travel time spent in this place.
 C = Inter-level travel time spent in this place.
 D = Time resting spent in this place.
 E = Time spent auto-exploring this place.
 F = Levels seen in this place.
 G = Mean time per level.
                   A        B        C        D        E       F      G
               +--------+--------+--------+--------+--------+-----+--------+
         Total |   5472 |   5311 |    161 |    712 |   3110 |   7 |  781.7 |
       Dungeon |   4780 |   4619 |    161 |    674 |   2779 |   6 |  796.7 |
         Sewer |    692 |    692 |      0 |     38 |    330 |   1 |  692.0 |
               +--------+--------+--------+--------+--------+-----+--------+

Top non-repeatable levels by time:
     D:2: 1135 daAuts
     D:5: 1096 daAuts
     D:1: 994 daAuts
     D:3: 858 daAuts
   Sewer: 692 daAuts
     D:4: 673 daAuts
     D:6: 22 daAuts
